General information
- name: BNet
- type: Ladder 1vs1/FFA
- host: Battle.net
- saver: merc.b
map: TidewaterGlades
- players: 2
- length: 28:27
- speed: Fast
- version: 1.26 W3XP
- replay type: Public
» download(83 KB)
Players
team 1 (loser)
ThugMaSteR (
yellow | 62 APM | 1763 actions | 28:26)
5 Demon Hunter
3 Immolation
2 Evasion
3 Priestess of the Moon
1 Scout
2 Searing Arrows
2 Keeper of the Grove
1 Entangling Roots
1 Thorns Aura
» actions
| Assign group hotkey | 42 | |
| Build / train | 76 | |
| Enter build submenu | 21 | |
| Enter hero's abilities submenu | 10 | |
| Give item / drop item | 6 | |
| Right click | 621 | |
| Select / deselect | 478 | |
| Select group hotkey | 392 | |
| Use ability | 117 | |
1763 total
» units
| Wisp | 24 | |
| Huntress | 2 | |
| Dryad | 7 | |
| Druid of the Claw | 4 | |
| Faerie Dragon | 1 | |
| Hippogryph | 8 | |
46 total
» upgrades
| Strength of the Wild | 3 | |
| Abolish Magic | 1 | |
| Reinforced Hides | 3 | |
| Druid of the Claw Training | 2 | |
| Mark of the Claw | 1 | |
| Well Spring | 2 | |
| Nature's Blessing | 1 | |
13 total
» buildings
| Altar of Elders | 1 | |
| Moon Well | 5 | |
| Hunter's Hall | 1 | |
| Ancient of War | 1 | |
| Ancient of Wonders | 1 | |
| Tree of Ages | 1 | |
| Ancient Protector | 1 | |
| Ancient of Lore | 2 | |
| Tree of Life | 8 | |
| Tree of Eternity | 1 | |
| Ancient of Wind | 1 | |
23 total
» build order
00:08 Altar of Elders
00:13 Moon Well
01:29 Hunter's Hall
01:54 Ancient of War
02:27 Moon Well
03:04 Ancient of Wonders
03:22 Tree of Ages
03:34 Ancient Protector
03:52 Moon Well
04:50 Moon Well
05:51 Ancient of Lore
06:30 Tree of Life
06:56 Ancient of Lore
07:17 Tree of Eternity
08:17 Moon Well
08:28 Ancient of Wind
10:00 Tree of Life
12:07 Tree of Life
14:44 Tree of Life
16:30 Tree of Life
19:10 Tree of Life
21:01 Tree of Life
22:37 Tree of Life
» items
| Orb of Venom | 1 | |
| Potion of Lesser Invulnerability | 1 | |
2 total
team 2 (winner)
merc.b (
orange | 62 APM | 1773 actions | 28:27)
5 Archmage
3 Blizzard
2 Brilliance Aura
3 Blood Mage
2 Flame Strike
1 Siphon Mana
» actions
| Assign group hotkey | 45 | |
| Basic commands | 63 | |
| Build / train | 82 | |
| ESC pressed | 1 | |
| Enter build submenu | 33 | |
| Enter hero's abilities submenu | 8 | |
| Give item / drop item | 11 | |
| Right click | 673 | |
| Select / deselect | 379 | |
| Select group hotkey | 327 | |
| Use ability | 151 | |
1773 total
» units
| Peasant | 19 | |
| Dragonhawk Rider | 4 | |
| Sorceress | 1 | |
| Goblin Shredder | 1 | |
| Goblin Zeppelin | 1 | |
26 total
» upgrades
| Masonry | 3 | |
| Gunpowder | 1 | |
| Armor | 3 | |
| Animal War Training | 1 | |
| Magic Sentry | 1 | |
| Cloud | 1 | |
| Swords | 1 | |
| Sorceress Training | 1 | |
12 total
» buildings
| Altar of Kings | 1 | |
| Arcane Vault | 2 | |
| Farm | 7 | |
| Scout Tower | 16 | |
| Lumber Mill | 1 | |
| Arcane Tower | 2 | |
| Guard Tower | 10 | |
| Town Hall | 1 | |
| Blacksmith | 1 | |
| Keep | 1 | |
| Gryphon Aviary | 3 | |
| Castle | 1 | |
| Barracks | 1 | |
| Arcane Sanctum | 1 | |
48 total
» build order
00:05 Altar of Kings
00:29 Arcane Vault
00:32 Farm
00:44 Farm
00:52 Scout Tower
01:07 Lumber Mill
01:49 Arcane Tower
02:03 Scout Tower
02:28 Scout Tower
02:32 Guard Tower
02:50 Farm
03:03 Guard Tower
03:45 Scout Tower
04:36 Guard Tower
04:40 Scout Tower
04:42 Scout Tower
04:42 Scout Tower
04:43 Scout Tower
05:26 Guard Tower
05:35 Town Hall
05:48 Scout Tower
05:49 Scout Tower
05:53 Scout Tower
06:25 Arcane Tower
06:26 Guard Tower
06:49 Guard Tower
06:50 Scout Tower
07:01 Blacksmith
07:24 Guard Tower
07:27 Farm
07:27 Farm
07:29 Farm
07:47 Keep
08:08 Arcane Vault
08:15 Scout Tower
08:16 Scout Tower
09:07 Scout Tower
09:08 Scout Tower
09:48 Guard Tower
09:58 Guard Tower
10:13 Gryphon Aviary
10:13 Gryphon Aviary
10:15 Gryphon Aviary
10:59 Castle
13:04 Barracks
15:10 Arcane Sanctum
16:10 Farm
» items
| Lesser Clarity Potion | 4 | |
| Scroll of Regeneration | 6 | |
| Boots of Speed | 2 | |
| Staff of Teleportation | 2 | |
| Potion of Healing | 3 | |
| Periapt of Vitality | 1 | |
| Scroll of Town Portal | 1 | |
| Staff of Sanctuary | 1 | |
20 total
Chat log
(14:21 / All) ThugMaSteR: mh cunt
(14:24 / All) merc.b: called scouting
(14:25 / All) merc.b: lol
(14:28 / All) merc.b: be less predictable
(14:31 / All) ThugMaSteR: fuck u nub
(14:43 / All) merc.b: u mad?
(15:00 / All) merc.b: you know you went in view of my shop when you hit that red creep?
(15:39 / All) ThugMaSteR: whatever cunt
(15:40 / All) ThugMaSteR: u lost
(15:41 / All) merc.b: cry more
(15:43 / All) ThugMaSteR: u cheat
(15:47 / All) merc.b: no, i scout
(15:49 / All) merc.b: you should try it
(15:53 / All) ThugMaSteR: pussy
(15:55 / All) merc.b: lol
(16:05 / All) merc.b: crybabys talkin
(17:26 / All) merc.b: lol
(17:39 / All) ThugMaSteR: zmap asshole
(17:43 / All) ThugMaSteR: i win
(17:45 / All) merc.b: LOL
(17:46 / All) ThugMaSteR: so fuck u
(17:49 / All) merc.b: whatever you gotta tell yourself
(18:58 / All) merc.b: look at all that food use
(19:01 / All) ThugMaSteR: ptless
(19:03 / All) ThugMaSteR: u cheat
(19:07 / All) merc.b: again, its called scouting
(19:12 / All) merc.b: air units and arcane towers
(19:13 / All) merc.b: try it.
(19:16 / All) ThugMaSteR: its called zmap asshole
(19:18 / All) merc.b: you keep trying to expo the same spo
(19:19 / All) ThugMaSteR: ur garbage
(19:19 / All) merc.b: t
(19:20 / All) ThugMaSteR: nub
(19:24 / All) merc.b: not very smart, are you?
(19:29 / All) merc.b: oh look
(19:30 / All) ThugMaSteR: ur shit
(19:31 / All) ThugMaSteR: nub
(19:31 / All) merc.b: youre expoing the same spot
(19:32 / All) merc.b: again
(19:35 / All) merc.b: how surprising
(19:45 / All) merc.b: no attempt to control the map with your expensive army
(19:56 / All) ThugMaSteR: nerd
(19:57 / All) ThugMaSteR: i win
(19:58 / All) merc.b: get mad
(19:59 / All) ThugMaSteR: u lose
(20:02 / All) ThugMaSteR: very simple
(20:09 / All) merc.b: except that i dont
(20:14 / All) ThugMaSteR: yup
(20:15 / All) merc.b: thanks for not cancelling
(20:16 / All) ThugMaSteR: u do
(20:21 / All) ThugMaSteR: on count of hackn
(20:24 / All) ThugMaSteR: u lost
(20:26 / All) merc.b: LOL
(20:28 / All) ThugMaSteR: so obvi
(20:34 / All) merc.b: why would i scan then?
(20:43 / All) merc.b: you're not making any sense
(20:44 / All) ThugMaSteR: to cover ur hack asshole
(20:46 / All) ThugMaSteR: ur shit
(20:47 / All) ThugMaSteR: leav
(20:48 / All) merc.b: circular logic
(20:49 / All) merc.b: nice
(21:02 / All) merc.b: and all the times i scanned the empty gold mine?
(21:44 / All) merc.b: finally
(22:15 / All) merc.b: no cancel
(22:16 / All) merc.b: pro.
(23:09 / All) merc.b: hmm
(23:17 / All) merc.b: still no air superiority
(23:23 / All) merc.b: cant deviate from that cookie cutter build huh
(23:28 / All) ThugMaSteR: u cheat cunt
(23:31 / All) ThugMaSteR: stop crying
(23:33 / All) ThugMaSteR: and leav
(23:36 / All) merc.b: im not the on crying
(23:38 / All) merc.b: im winning :)
(23:51 / All) ThugMaSteR: hacking doesnt count nerd
(23:55 / All) ThugMaSteR: learn the game
(23:58 / All) merc.b: once again, not hacking, cry more
(23:58 / All) ThugMaSteR: obvi ur nub
(24:09 / All) merc.b: cookie cutter shits always cry when they cant copy a strategy and win every game
(24:23 / All) ThugMaSteR: im the best nigga
(24:25 / All) merc.b: LOL
(24:29 / All) merc.b: youre fucking awful
(24:30 / All) ThugMaSteR: i kicked ur ass all game
(24:31 / All) merc.b: no imagination
(24:32 / All) ThugMaSteR: ur a pussy
(24:33 / All) merc.b: no you didnt
(24:34 / All) merc.b: lol
(24:34 / All) ThugMaSteR: u hide
(24:37 / All) ThugMaSteR: and ur units suck
(24:38 / All) merc.b: you let me mass expo with 50 food
(27:39 / All) ThugMaSteR: so gay
(27:41 / All) merc.b: so mad
(27:44 / All) ThugMaSteR: ur such garbage
(27:53 / All) ThugMaSteR: why play
(27:57 / All) merc.b: why cry?
(27:57 / All) ThugMaSteR: all u do is hide
(28:05 / All) merc.b: im enjoying the benefits of 50 food
(28:06 / All) ThugMaSteR: i can sit in both bases and we wont play
(28:11 / All) merc.b: works for me
(28:12 / All) ThugMaSteR: u fuckn moron
(28:15 / All) ThugMaSteR: ur shit
(28:22 / All) ThugMaSteR: hav fun by urself asshole
(28:22 / All) merc.b: you sound fat.